 Dungeon Crawl Stone Soup version 0.21.1-1-g345015f (webtiles) character file.

7489 Kagorn the Protected (level 11, -9/68 HPs)
             Began as a Gargoyle Berserker on June 9, 2018.
             Was an Elder of Trog.
             Killed by divine providence
             ... invoked by Saint Roka
              (10 damage)
             ... on level 2 of the Orcish Mines.
             The game lasted 01:32:24 (8821 turns).

Kagorn the Protected (Gargoyle Berserker)           Turns: 8821, Time: 01:32:25

Health: -9/68      AC: 17    Str: 24    XL:     11   Next: 16%
Magic:  15/15      EV: 11    Int:  8    God:    Trog [****..]
Gold:   840        SH: 10    Dex: 10    Spells: 10/10 levels left

rFire    . . .     SeeInvis .   d - +1 war axe (vamp)
rCold    . . .     Gourm    .   u - +0 shield
rNeg     + . .     Faith    .   E - +0 troll leather armour
rPois    ∞         Spirit   .   H - +2 hat
rElec    +         Reflect  .   G - +0 cloak
rCorr    +         Harm     .   (no gloves)
MR       ++...                  (no boots)
Stlth    +++.......             (no amulet)
HPRegen  1.61/turn              o - +3 ring of strength
MPRegen  0.14/turn              J - ring of resist corrosion

@: regenerating
A: clumsy 1, high mp 1, negative energy resistance 1, sense surroundings 1,
shaggy fur 1, electricity resistance, unbreathing, petrification resistance, rot
immunity, AC +8
a: Berserk, Trog's Hand, Brothers in Arms, Burn Spellbooks, Renounce Religion


You were on level 2 of the Orcish Mines.
You worshipped Trog.
Trog was greatly pleased with you.
You were not hungry.

You visited 2 branches of the dungeon, and saw 12 of its levels.

You collected 840 gold pieces.

Inventory:

Hand Weapons
 b - a +4 morningstar
 d - a +1 vampiric war axe (weapon)
 f - a +5 spear of freezing
 q - a +4 dagger
 r - a +4 club
 w - a +1 dagger of venom
 D - the +7 whip of the Shallot {slash, rN+}
   (You found it on level 6 of the Dungeon)

   It inflicts extra damage upon your enemies.
   It protects you from negative energy.
 K - a +2 long sword of holy wrath
 N - the cursed +1 falchion of Resourcefulness {slice, rF++ Int-4 Dex+4}
   (You found it on level 9 of the Dungeon)

   It inflicts extra damage upon your enemies.
   It affects your intelligence (-4).
   It affects your dexterity (+4).
   It greatly protects you from fire.
   It has a curse placed upon it.
Missiles
 g - 132 stones (quivered)
Armour
 h - a +2 robe of fire resistance
 j - a +0 plate armour
 u - a +0 shield (worn)
 E - a +0 troll leather armour (worn)
 F - a +2 robe of resistance
 G - a +0 cloak (worn)
 H - a +2 hat (worn)
Jewellery
 a - an uncursed ring of ice
 l - an uncursed ring of protection from fire
 o - a +3 ring of strength (left hand)
 J - a ring of resist corrosion (right hand)
Wands
 m - a wand of polymorph (1)
 n - a wand of acid (9)
 p - a wand of digging (10)
 v - a wand of iceblast (7)
 y - a wand of paralysis (27)
 C - a wand of random effects (27)
Scrolls
 k - a scroll of teleportation
 t - a scroll of fear {unknown}
 x - a scroll of vulnerability {unknown}
 A - a scroll of magic mapping {unknown}
 L - a scroll of immolation {unknown}
 M - a scroll of noise {unknown}
Potions
 e - 2 potions of mutation
 i - 4 potions of curing
 z - a potion of flight
 B - a potion of brilliance
 I - 2 potions of might
Comestibles
 c - 5 rations


   Skills:
 + Level 7.7 Fighting
 - Level 3.6 Long Blades
 - Level 2.0(4.2) Axes
 + Level 3.9(4.2) Maces & Flails
 - Level 4.5(4.7) Polearms
 + Level 8.6 Armour
 + Level 5.0 Dodging
 + Level 7.5 Stealth
 + Level 5.5 Shields
 + Level 4.7 Evocations


You had 10 spell levels left.
You didn't know any spells.

Dungeon Overview and Level Annotations

Branches:
Dungeon (10/15)            Temple (0/1) D:4             Orc (2/2) D:9
   Lair: D:8-11         Elf: Orc:2

Altars:
Dithmenos
Fedhas
Hepliaklqana
Nemelex Xobeh
Okawaru
Vehumet
Yredelemnul
Zin
Beogh

Shops:
D:9 (   Orc:2 %

Annotations:
D:5 exclusion: oklob plant
D:10 emiel's ghost, journeyman TrFi
Orc:2 Saint Roka


Innate Abilities, Weirdness & Mutations

You are resistant to torment.
Your stone body is resilient. (AC +8)
You are immune to poison.
You resist negative energy. (rN+)
You are resistant to electric shocks. (rElec)
You can survive without breathing.
You are immune to petrification.
You are immune to rotting.
You are clumsy. (Dex -2)
You have an increased reservoir of magic. (+10% MP)
You passively map a small area around you.
You are covered in fur. (AC +1)


Message History

Saint Roka says, "In the orcish mines, orcs kill the likes of YOU!"
Saint Roka roars a battlecry!
The orcs go into a battle-frenzy!
The orc warrior hits you from afar with a trident!
The orc warrior hits you with a glaive!!
* * * LOW HITPOINT WARNING * * *
You block the orc's attack.
Saint Roka says, "In the orcish mines, orcs kill the likes of YOU!"
The orc priest calls upon Beogh to heal the orc.
The orc's wounds heal themselves!
Your skin crawls.
You feel resistant to hostile enchantments.
You feel somewhat more hungry.
The orc warrior hits you from afar with a trident.
* * * LOW HITPOINT WARNING * * *
The orc warrior barely misses you. The orc barely misses you.
You block the orc priest's attack.
Saint Roka mumbles some strange prayers to Beogh against you.
Beogh smites you!
You die...

.........).........#
.........))..#.....##
.........)..........#
...................##
,.......................#
........................
........................
...............)........
,
..............@o........
,..............oo.....$..
...............ooo......
*
.......)..........o.....
* .......))............#.
* .......)...........o..
, #......[))........$..o
, ##...................h
##.......)#...... *


You could see Saint Roka, a warg, 4 orc warriors, an orc priest and 3 orcs.

Vanquished Creatures
  Pikel (D:6)
  An orc sorcerer (D:9)
  Joseph (D:7)
  3 trolls
  Sigmund (D:4)
  Menkaure (D:4)
  The ghost of Kagorn the Skirmisher, an amateur OgBe of Trog (D:3)
  2 sky beasts
  12 orc warriors
  A slave (D:6)
  2 black bears
  2 phantoms
  2 ice beasts
  2 centaurs (D:9)
  9 ogres
  6 bullfrogs
  A scorpion (D:8)
  5 killer bees
  8 wights
  3 howler monkeys (D:8)
  2 bullfrog zombies (D:5)
  3 crimson imps (D:9)
  A quasit (D:6)
  A hound (D:8)
  8 orc priests
  Jessica (D:3)
  A bullfrog skeleton (D:7)
  An iguana (D:5)
  10 orc wizards
  Ijyb (D:4)
  3 hell rats (D:8)
  5 worker ants
  A hound zombie (D:5)
  A worker ant zombie (D:5)
  2 howler monkey skeletons
  9 adders
  11 gnolls
  4 river rats (D:8)
  A shadow imp (D:6)
  2 oozes
  An adder zombie (D:8)
  An adder skeleton (D:9)
  4 worms (D:3)
  A dart slug (D:1)
  7 leopard geckos
  43 orcs
  4 bats (D:1)
  4 giant cockroaches
  4 goblins
  6 hobgoblins
  10 jackals
  4 kobolds
  8 quokkas
  3 frilled lizards
  A jackal skeleton (D:6)
  A leopard gecko zombie (D:4)
  24 rats
  3 fungi (D:5)
  3 plants (D:5)
264 creatures vanquished.

Vanquished Creatures (collateral kills)
  An orc warrior (Orc:2)
1 creature vanquished.

Vanquished Creatures (others)
  A frilled lizard (D:6)
  14 toadstools
15 creatures vanquished.

Grand Total: 280 creatures vanquished

Notes
Turn   | Place    | Note
-------+----------+-------------------------------------------
     0 | D:1      | Kagorn the Gargoyle Berserker began the quest for the Orb.
     0 | D:1      | Reached XP level 1. HP: 14/14 MP: 1/1
   299 | D:1      | Reached XP level 2. HP: 16/19 MP: 2/2
   825 | D:2      | Reached XP level 3. HP: 23/24 MP: 3/3
  1252 | D:2      | Reached ** piety under Trog
  1577 | D:3      | Reached XP level 4. HP: 29/29 MP: 4/4
  1801 | D:3      | Noticed Kagorn's ghost (amateur OgBe)
  1815 | D:3      | Killed Kagorn's ghost
  1815 | D:3      | Reached skill level 1 in Axes
  1815 | D:3      | Reached skill level 3 in Armour
  1815 | D:3      | Reached skill level 1 in Stealth
  1815 | D:3      | Reached XP level 5. HP: 34/34 MP: 5/5
  2043 | D:3      | Reached XP level 6. HP: 39/39 MP: 6/6
  2178 | D:3      | Noticed Jessica
  2187 | D:3      | Killed Jessica
  2583 | D:3      | Reached skill level 4 in Armour
  2587 | D:3      | Found a radiant altar of Vehumet.
  2956 | D:4      | Noticed Sigmund
  2965 | D:4      | Killed Sigmund
  2965 | D:4      | Reached skill level 1 in Maces & Flails
  2965 | D:4      | Reached XP level 7. HP: 44/44 MP: 7/7
  3238 | D:4      | Found a staircase to the Ecumenical Temple.
  3316 | D:4      | Found a hazy altar of Hepliaklqana.
  3319 | D:4      | Found a glowing silver altar of Zin.
  3322 | D:4      | Found a sparkling altar of Nemelex Xobeh.
  3358 | D:4      | Noticed Menkaure
  3372 | D:4      | Killed Menkaure
  3372 | D:4      | Reached skill level 5 in Armour
  3589 | D:4      | Noticed Ijyb
  3605 | D:4      | Killed Ijyb
  3650 | D:4      | Reached skill level 5 in Fighting
  3650 | D:4      | Reached skill level 1 in Polearms
  3671 | D:4      | Reached XP level 8. HP: 47/49 MP: 8/8
  3790 | D:5      | Entered Level 5 of the Dungeon
  4013 | D:5      | Reached skill level 6 in Armour
  4028 | D:5      | Found a shadowy altar of Dithmenos.
  4624 | D:5      | Found a blossoming altar of Fedhas.
  4645 | D:5      | Noticed an oklob plant
  4872 | D:6      | Found a basalt altar of Yredelemnul.
  4885 | D:6      | Reached skill level 1 in Shields
  4945 | D:6      | Noticed Pikel
  4961 | D:6      | Paralysed by Pikel for 3 turns
  4970 | D:6      | Killed Pikel
  4970 | D:6      | Reached skill level 1 in Evocations
  4970 | D:6      | Reached XP level 9. HP: 55/55 MP: 8/10
  4984 | D:6      | Reached skill level 5 in Stealth
  5024 | D:6      | Got a warped whip
  5027 | D:6      | Identified the +7 whip of the Shallot {slash, rN+} (You found it on level 6 of the Dungeon)
  5331 | D:6      | Reached skill level 7 in Armour
  5527 | D:7      | Noticed Joseph
  5539 | D:7      | Killed Joseph
  5550 | D:7      | Reached *** piety under Trog
  5708 | D:7      | Gained mutation: You are covered in fur. (AC +1) [potion of mutation]
  5708 | D:7      | Gained mutation: You are clumsy. (Dex -2) [potion of mutation]
  5708 | D:7      | Gained mutation: You passively map a small area around you. [potion of mutation]
  5708 | D:7      | Gained mutation: You have an increased reservoir of magic. (+10% MP) [potion of mutation]
  5894 | D:7      | Found an iron altar of Okawaru.
  6091 | D:8      | Reached XP level 10. HP: 57/61 MP: 13/13
  6633 | D:8      | Reached **** piety under Trog
  7286 | D:9      | Reached skill level 8 in Armour
  7314 | D:10     | Entered Level 10 of the Dungeon
  7316 | D:10     | Noticed emiel's ghost (journeyman TrFi)
  7391 | D:9      | Found Uhevop's Weapon Boutique.
  7400 | D:9      | Found a staircase to the Orcish Mines.
  8025 | D:9      | Got an ancient falchion
  8026 | D:9      | Identified the cursed +1 falchion of Resourcefulness {slice, rF++ Int-4 Dex+4} (You found it on level 9 of the Dungeon)
  8143 | Orc:1    | Entered Level 1 of the Orcish Mines
  8143 | Orc:1    | Found a roughly hewn altar of Beogh.
  8143 | Orc:1    | Noticed an orc sorcerer
  8178 | D:9      | Killed an orc sorcerer
  8237 | Orc:1    | Reached skill level 5 in Shields
  8325 | Orc:2    | Entered Level 2 of the Orcish Mines
  8563 | Orc:2    | Reached XP level 11. HP: 37/67 MP: 15/15
  8593 | Orc:2    | Reached ***** piety under Trog
  8706 | Orc:2    | Found Fovorch's Food Shoppe.
  8710 | Orc:2    | Noticed an orc knight
  8721 | Orc:2    | Reached skill level 5 in Dodging
  8730 | Orc:2    | HP: 2/67 [orc priest/divine providence (12)]
  8818 | Orc:2    | Noticed Saint Roka
  8820 | Orc:2    | HP: 1/68 [orc warrior/glaive (21)]
  8821 | Orc:2    | Killed from afar by Saint Roka

Skill      XL: |  1  2  3  4  5  6  7  8  9 10 11 |
---------------+----------------------------------+-----
Long Blades    | 3 |  3.6
Fighting       | 4 5 6 7 |  7.7
Axes           | 1 2 |  2.0
Armour         | 3 4 5 6 7 8 |  8.6
Dodging        | 2 3 4 5 |  5.0
Stealth        | 1 2 3 4 6 7 |  7.5
Maces & Flails | 1 2 3 |  3.9
Polearms       | 1 3 4 |  4.5
Shields        | 2 3 5 |  5.5
Evocations     | 1 3 4 |  4.7

Action                   |  1- 3 |  4- 6 |  7- 9 | 10-12 || total
-------------------------+-------+-------+-------+-------++-------
Melee: Falchion          |    86 |     4 |       |       ||    90
       Hand axe          |       |    51 |       |       ||    51
       Morningstar       |       |    34 |       |       ||    34
       Spear             |       |    10 |   354 |   143 ||   507
       Halberd           |       |       |    29 |       ||    29
       Whip              |       |       |    20 |   315 ||   335
       War axe           |       |       |       |    57 ||    57
Invok: Trog's Hand       |       |     4 |     4 |     5 ||    13
       Berserk           |       |     4 |     4 |     4 ||    12
       Brothers in Arms  |       |       |       |     1 ||     1
  Use: Scroll            |       |     8 |     5 |     5 ||    18
       Potion            |       |     6 |     2 |    10 ||    18
 Stab: Sleeping          |       |       |       |     1 ||     1
  Eat: Ration            |     1 |     2 |     5 |     4 ||    12
       Chunk             |       |     2 |     1 |     4 ||     7
Armor: Animal skin       |    21 |       |       |       ||    21
       Scale mail        |    10 |       |       |       ||    10
       Chain mail        |     6 |    75 |    10 |       ||    91
       Plate armour      |       |       |   177 |   183 ||   360
       Troll leather arm |       |       |       |    98 ||    98
Dodge: Dodged            |    61 |    66 |    93 |   200 ||   420
Block: Shield            |       |       |    79 |   282 ||   361
       Rpst.: Falchion   |    18 |       |       |       ||    18
